[ AOE2 MATCH · #475807413 ]
UnrankedFranks vs Italians
Player's team · WIN
Rival team · LOSS
[ REPLAY ANALYSIS · EXTRACTED FROM THE RECORDED GAME ]
Feudal
8:32
Castle
20:04
Imperial
—
| APM avg | 54.3 |
| APM peak | 88 |
| eAPM avg | 17.1 |
| Villagers / military | 47 / 24 |
Focus
⚔️ 34.4% · 🌾 65.6%
Scout Cavalry ×12 · Knight ×7 · Spearman ×3 · Monk ×2
Feudal
8:28
Castle
21:58
Imperial
—
| APM avg | 51.2 |
| APM peak | 87 |
| eAPM avg | 28.7 |
| Villagers / military | 42 / 23 |
Focus
⚔️ 63.1% · 🌾 36.9%
Spearman ×11 · Scout Cavalry ×11 · Knight ×1
Match map
Initial resources + every placement click. Lines = walls · curves = elevation contours. ◆ gold · ⬟ stone · ● berries · ✦ relic · ◌ wall gap
Your base· Open — unwalled flank
DS_Kosh's base· Open — 9t gap
Smoothed initial terrain · ◌ = detected wall gap · hover for details
Inputs per minute
— Colem - - DS_Kosh
Build order — Colem
125 actions detected in the replay
| 0:01 | Create | Villager (Male) |
| 0:01 | Create | Villager (Male) |
| 0:02 | Build | House |
| 0:03 | Build | House |
| 0:11 | Create | Villager (Male) |
| 0:11 | Create | Villager (Male) |
| 1:25 | Create | Villager (Male) |
| 1:25 | Create | Villager (Male) |
| 1:46 | Build | Lumber Camp |
| 1:58 | Create | Villager (Male) |
| 2:25 | Create | Villager (Male) |
| 2:52 | Create | Villager (Male) |
| 3:14 | Create | Villager (Male) |
| 3:14 | Create | Villager (Male) |
| 3:41 | Build | House |
| 4:04 | Create | Villager (Male) |
| 4:04 | Create | Villager (Male) |
| 4:10 | Build | Mill |
| 4:45 | Create | Villager (Male) |
| 5:01 | Create | Villager (Male) |
| 5:17 | Create | Villager (Male) |
| 5:49 | Research | Loom |
| 6:14 | Build | House |
| 6:22 | Research | Feudal Age |
| 7:19 | Build | Barracks |
| 7:58 | Create | Villager (Male) |
| 8:01 | Create | Villager (Male) |
| 8:32 | Age | Feudal Age |
| 8:35 | Build | Stable |
| 8:37 | Research | Double-Bit Axe |
| 9:03 | Build | Farm |
| 9:13 | Create | Villager (Male) |
| 9:14 | Create | Scout Cavalry |
| 9:18 | Build | Palisade Wall |
| 9:22 | Build | Farm |
| 9:44 | Create | Scout Cavalry |
| 9:46 | Create | Villager (Male) |
| 9:53 | Build | Farm |
| 9:57 | Build | Farm |
| 10:09 | Create | Villager (Male) |
| 10:16 | Create | Scout Cavalry |
| 10:22 | Build | House |
| 10:36 | Build | House |
| 10:40 | Create | Villager (Male) |
| 10:50 | Create | Spearman |
| 10:51 | Create | Scout Cavalry |
| 11:00 | Build | Farm |
| 11:01 | Create | Villager (Male) |
| 11:10 | Create | Spearman |
| 11:13 | Build | House |
| 11:31 | Build | Farm |
| 11:32 | Create | Villager (Male) |
| 11:39 | Build | Farm |
| 11:40 | Create | Villager (Male) |
| 11:40 | Create | Scout Cavalry |
| 11:54 | Build | Farm |
| 12:09 | Create | Spearman |
| 12:10 | Create | Villager (Male) |
| 12:15 | Build | Farm |
| 12:54 | Create | Villager (Male) |
| 12:55 | Create | Scout Cavalry |
| 13:10 | Create | Villager (Male) |
| 13:13 | Build | Farm |
| 13:14 | Create | Villager (Male) |
| 13:23 | Build | Farm |
| 13:26 | Build | Farm |
| 13:30 | Create | Scout Cavalry |
| 13:43 | Build | Farm |
| 13:53 | Create | Scout Cavalry |
| 14:09 | Create | Villager (Male) |
| 14:11 | Build | Farm |
| 14:16 | Build | House |
| 14:17 | Build | Palisade Wall |
| 14:31 | Create | Villager (Male) |
| 14:39 | Build | House |
| 14:45 | Research | Wheelbarrow |
| 15:36 | Create | Villager (Male) |
| 15:39 | Create | Villager (Male) |
| 15:40 | Create | Scout Cavalry |
| 15:43 | Build | Mining Camp |
| 16:02 | Create | Scout Cavalry |
| 16:14 | Build | Blacksmith |
| 17:24 | Research | Castle Age |
| 17:24 | Research | Castle Age |
| 17:37 | Research | Forging |
| 17:37 | Research | Forging |
| 18:15 | Build | House |
| 18:16 | Build | Palisade Wall |
| 18:21 | Research | Scale Barding Armor |
| 19:11 | Create | Scout Cavalry |
| 19:11 | Create | Scout Cavalry |
| 19:54 | Build | Palisade Gate |
| 19:57 | Build | House |
| 20:04 | Age | Castle Age |
| 20:06 | Create | Knight |
| 20:10 | Research | Light Cavalry (upgrade) |
| 20:10 | Create | Knight |
| 20:14 | Research | Chain Barding Armor |
| 20:21 | Build | Town Center |
| 20:31 | Build | House |
| 20:33 | Build | Palisade Wall |
| 20:42 | Create | Villager (Male) |
| 20:44 | Create | Villager (Male) |
| 20:58 | Create | Villager (Male) |
| 21:24 | Create | Knight |
| 21:25 | Create | Villager (Male) |
| 21:27 | Create | Villager (Male) |
| 21:29 | Build | Monastery |
| 21:58 | Create | Knight |
| 21:59 | Create | Villager (Male) |
| 22:00 | Create | Villager (Male) |
| 22:02 | Build | Farm |
| 22:20 | Create | Villager (Male) |
| 22:25 | Create | Monk |
| 22:42 | Create | Knight |
| 22:44 | Create | Villager (Male) |
| 22:45 | Create | Villager (Male) |
| 22:45 | Create | Villager (Male) |
| 22:59 | Build | Farm |
| 23:03 | Create | Monk |
| 23:03 | Create | Knight |
| 23:12 | Create | Villager (Male) |
| 23:12 | Create | Villager (Male) |
| 23:42 | Create | Knight |
| 23:43 | Create | Villager (Male) |
Build order — DS_Kosh
141 actions detected in the replay
| 0:00 | Create | Villager (Male) |
| 0:01 | Create | Villager (Male) |
| 0:02 | Build | House |
| 0:03 | Build | House |
| 0:11 | Create | Villager (Male) |
| 0:21 | Create | Villager (Male) |
| 1:30 | Create | Villager (Male) |
| 2:08 | Create | Villager (Male) |
| 2:24 | Build | Lumber Camp |
| 2:27 | Create | Villager (Male) |
| 2:50 | Create | Villager (Male) |
| 3:19 | Create | Villager (Male) |
| 3:29 | Build | House |
| 3:40 | Create | Villager (Male) |
| 3:40 | Create | Villager (Male) |
| 3:40 | Create | Villager (Male) |
| 3:49 | Create | Villager (Male) |
| 4:45 | Build | Mill |
| 4:55 | Create | Villager (Male) |
| 4:55 | Create | Villager (Male) |
| 4:55 | Create | Villager (Male) |
| 6:14 | Research | Feudal Age |
| 7:28 | Build | House |
| 7:45 | Build | Barracks |
| 7:59 | Research | Loom |
| 8:01 | Build | House |
| 8:28 | Age | Feudal Age |
| 8:40 | Build | Stable |
| 8:43 | Create | Villager (Male) |
| 8:57 | Research | Double-Bit Axe |
| 8:58 | Create | Villager (Male) |
| 9:08 | Create | Spearman |
| 9:22 | Create | Scout Cavalry |
| 9:23 | Create | Scout Cavalry |
| 9:23 | Create | Villager (Male) |
| 9:25 | Build | House |
| 9:30 | Research | Horse Collar |
| 9:53 | Create | Villager (Male) |
| 9:54 | Build | Farm |
| 10:00 | Create | Spearman |
| 10:10 | Build | Palisade Wall |
| 10:11 | Build | Palisade Wall |
| 10:11 | Build | Palisade Wall |
| 10:12 | Build | Palisade Wall |
| 10:13 | Build | Palisade Wall |
| 10:16 | Build | Palisade Wall |
| 10:19 | Create | Villager (Male) |
| 10:25 | Build | Palisade Wall |
| 10:26 | Build | Palisade Wall |
| 10:27 | Build | Palisade Wall |
| 10:27 | Build | Palisade Wall |
| 10:31 | Build | Farm |
| 10:43 | Create | Scout Cavalry |
| 10:55 | Build | Farm |
| 10:55 | Create | Villager (Male) |
| 11:01 | Build | Palisade Wall |
| 11:02 | Build | Palisade Wall |
| 11:02 | Build | Palisade Wall |
| 11:20 | Create | Villager (Male) |
| 11:21 | Build | Farm |
| 11:24 | Build | Farm |
| 11:41 | Build | Farm |
| 11:42 | Create | Villager (Male) |
| 11:49 | Build | House |
| 11:51 | Research | Town Watch |
| 11:59 | Build | Farm |
| 12:00 | Build | Farm |
| 12:07 | Create | Spearman |
| 12:11 | Build | House |
| 12:15 | Build | House |
| 12:18 | Create | Villager (Male) |
| 12:20 | Build | Palisade Wall |
| 12:28 | Build | Farm |
| 12:44 | Create | Villager (Male) |
| 13:02 | Create | Scout Cavalry |
| 13:04 | Build | Palisade Wall |
| 13:15 | Build | Farm |
| 13:21 | Create | Villager (Male) |
| 13:24 | Build | Farm |
| 13:25 | Build | Farm |
| 13:33 | Build | Farm |
| 13:41 | Create | Villager (Male) |
| 13:48 | Build | Palisade Wall |
| 13:52 | Build | Farm |
| 13:58 | Create | Scout Cavalry |
| 14:08 | Create | Spearman |
| 14:13 | Create | Villager (Male) |
| 14:16 | Build | Farm |
| 14:26 | Create | Villager (Male) |
| 14:37 | Create | Scout Cavalry |
| 14:49 | Build | Mining Camp |
| 15:02 | Create | Villager (Male) |
| 15:10 | Create | Spearman |
| 15:25 | Create | Villager (Male) |
| 15:35 | Build | House |
| 15:37 | Build | Palisade Wall |
| 15:40 | Create | Villager (Male) |
| 15:56 | Build | Blacksmith |
| 16:04 | Create | Villager (Male) |
| 16:07 | Create | Spearman |
| 16:09 | Create | Scout Cavalry |
| 16:33 | Research | Wheelbarrow |
| 16:37 | Create | Scout Cavalry |
| 16:39 | Build | House |
| 17:01 | Create | Scout Cavalry |
| 17:05 | Create | Spearman |
| 17:11 | Build | House |
| 17:26 | Create | Scout Cavalry |
| 17:49 | Create | Villager (Male) |
| 17:51 | Create | Villager (Male) |
| 18:04 | Build | House |
| 18:21 | Build | Farm |
| 18:22 | Build | Farm |
| 18:40 | Build | Farm |
| 18:53 | Build | House |
| 19:01 | Build | Farm |
| 19:18 | Research | Castle Age |
| 19:23 | Create | Spearman |
| 19:53 | Research | Forging |
| 20:15 | Create | Spearman |
| 20:18 | Research | Gold Mining |
| 20:25 | Build | Farm |
| 20:49 | Research | Bloodlines |
| 21:21 | Create | Spearman |
| 21:30 | Create | Scout Cavalry |
| 21:42 | Build | Palisade Gate |
| 21:45 | Create | Villager (Male) |
| 21:57 | Build | House |
| 21:58 | Age | Castle Age |
| 22:00 | Build | House |
| 22:02 | Research | Light Cavalry (upgrade) |
| 22:04 | Create | Villager (Male) |
| 22:07 | Build | Town Center |
| 22:18 | Create | Villager (Male) |
| 22:35 | Research | Bow Saw |
| 22:53 | Create | Villager (Male) |
| 23:04 | Build | Farm |
| 23:18 | Create | Villager (Male) |
| 23:40 | Create | Spearman |
| 23:40 | Create | Knight |
| 23:43 | Create | Villager (Male) |
Match timeline
| 7:19 | Colem · first_building Barracks |
| 7:45 | DS_Kosh · first_building Barracks |
| 8:28 | DS_Kosh · age_up feudal |
| 8:32 | Colem · age_up feudal |
| 8:35 | Colem · first_building Stable |
| 8:40 | DS_Kosh · first_building Stable |
| 9:18 | Colem · wall_segment Palisade Wall x1 |
| 10:10 | DS_Kosh · wall_segment Palisade Wall x1 |
| 10:11 | DS_Kosh · wall_segment Palisade Wall x1 |
| 10:11 | DS_Kosh · wall_segment Palisade Wall x1 |
| 10:12 | DS_Kosh · wall_segment Palisade Wall x1 |
| 10:13 | DS_Kosh · wall_segment Palisade Wall x1 |
| 10:16 | DS_Kosh · wall_segment Palisade Wall x1 |
| 10:25 | DS_Kosh · wall_segment Palisade Wall x3 |
| 10:26 | DS_Kosh · wall_segment Palisade Wall x1 |
| 10:27 | DS_Kosh · wall_segment Palisade Wall x1 |
| 10:27 | DS_Kosh · wall_segment Palisade Wall x1 |
| 11:01 | DS_Kosh · wall_segment Palisade Wall x1 |
| 11:02 | DS_Kosh · wall_segment Palisade Wall x1 |
| 11:02 | DS_Kosh · wall_segment Palisade Wall x1 |
| 12:20 | DS_Kosh · wall_segment Palisade Wall x1 |
| 13:04 | DS_Kosh · wall_segment Palisade Wall x1 |
| 13:48 | DS_Kosh · wall_segment Palisade Wall x1 |
| 14:17 | Colem · wall_segment Palisade Wall x1 |
| 15:37 | DS_Kosh · wall_segment Palisade Wall x1 |
| 18:16 | Colem · wall_segment Palisade Wall x1 |
| 20:04 | Colem · age_up castle |
| 20:33 | Colem · wall_segment Palisade Wall x1 |
| 21:29 | Colem · first_building Monastery |
| 21:58 | DS_Kosh · age_up castle |
| 23:54 | DS_Kosh · resign |
[ AI ANALYSIS · 1 CREDIT ]
What really happened in this match?
Wolo.gg analyzes every decision: build order, eco, micro, common mistakes by bracket. Personalized analysis on WhatsApp or Discord in 30 seconds.
Civ guide
Franks
Perfil
Colem